 Dungeon Crawl Stone Soup version 0.27-a0-1196-g3e9cee4cb2 (webtiles) character file.

Game seed: 280826370932723704

9 Azzok the Chopper (level 2, 24/24 HPs)
             Began as a Demonspawn Berserker on May 29, 2021.
             Was a Follower of Trog.
             Quit the game on level 1 of the Dungeon.
             The game lasted 00:00:13 (272 turns).

Azzok the Chopper (Demonspawn Berserker)             Turns: 272, Time: 00:00:14

Health: 24/24      AC:  2    Str: 17    XL:     2   Next: 3%
Magic:  2/2        EV: 12    Int:  8    God:    Trog [*.....]
Gold:   22         SH:  0    Dex: 12    Spells: 1/1 levels left

rFire    . . .     SeeInvis .   a - +0 hand axe
rCold    . . .     Faith    .   (no shield)
rNeg     . . .     Spirit   .   b - +0 animal skin
rPois    .         Reflect  .   (no helmet)
rElec    .         Harm     .   (no cloak)
rCorr    .         Rampage  .   (no gloves)
Will     .....                  (no boots)
Stlth    +.........             (no amulet)
HPRegen  0.08/turn              (no ring)
MPRegen  0.16/turn              (no ring)

@: no status effects
A: magic regeneration
a: Renounce Religion, Berserk


You were on level 1 of the Dungeon.
You worshipped Trog.
Trog was aware of your devotion.
You visited 1 branch of the dungeon, and saw 1 of its levels.

You collected 22 gold pieces.

Inventory:

Hand Weapons
 a - a +0 hand axe (weapon)
Armour
 b - a +0 animal skin (worn)


   Skills:
 - Level 3.0 Fighting
 + Level 3.2 Axes
 - Level 1.7 Armour
 - Level 1.7 Dodging


You had one spell level left.
You didn't know any spells.
Your spell library was empty.

Dungeon Overview and Level Annotations

Branches:
Dungeon (1/15)

Altars:


Innate Abilities, Weirdness & Mutations

You regenerate magic rapidly.


Message History

The dart slug is heavily wounded.
The dart slug closely misses you.
You hit the dart slug.
You kill the dart slug!
Trog accepts your kill.
You hit the endoplasm. The endoplasm hits you.
Your Axes skill increases to level 3!
You hit the endoplasm.
You kill the endoplasm!
Trog accepts your kill.
You now have 12 gold pieces.
A rat comes into view.
The rat moves out of view.
A rat is nearby!
A rat is nearby!
A rat is nearby!
You slash the rat!
You kill the rat!
Trog accepts your kill.
You now have 18 gold pieces (gained 6).
A kobold comes into view. It is wielding a +0 short sword.
A kobold is nearby!
A kobold is nearby!
The kobold throws a stone.
The stone barely misses you.
Found 4 gold pieces.
You miss the kobold.
The kobold hits you with a +0 short sword.
You slash the kobold!
You kill the kobold!
Trog accepts your kill.
You have reached level 2!
Your demonic ancestry asserts itself...
Your magic begins to regenerate rapidly.
Things that are here:
a +0 short sword; 4 stones You now have 22 gold pieces (gained 4).
Found a stone staircase leading down.
A quokka comes into view.
Found a club.
Are you sure you want to abandon this character and quit the game? (Confirm with "yes".)

······▒ ▒·····▒
▒··········· ······▒
▒·····▒ ▒···········
······▒ ▒·····▒
▒··········· ·▒▒▒▒▒▒
▒·····▒ ▒···········
·▒ ▒▒·····▒
▒··········· ▒▒▒▒▒
·······▒▒▒···········
·····
r)·····▒▒············
·····
·······>▒···········▒
▒▒▒▒▒ ▒@▒············
▒·▒···········
▒··▒▒▒·▒··········
▒···············
▒▒▒▒▒▒
··················
·····▒
··················
·····▒
·················
·····▒
··········▒▒▒·▒▒▒
·····▒ ·····▒▒▒▒╬▒ ·▒


You could see a quokka (asleep).

Vanquished Creatures
  2 dart slugs (D:1)
  An endoplasm (D:1)
  A kobold (D:1)
  A rat (D:1)
5 creatures vanquished.

Notes
Turn   | Place    | Note
-------+----------+-------------------------------------------
     0 | D:1      | Azzok the Demonspawn Berserker began the quest for the Orb.
     0 | D:1      | Reached XP level 1. HP: 18/18 MP: 1/1
   213 | D:1      | Gained mutation: You regenerate magic rapidly. [demonic
                  | ancestry]
   213 | D:1      | Reached XP level 2. HP: 21/24 MP: 2/2
   272 | D:1      | Quit the game

Illustrated notes

Levels and vault maps discovered:
D:1:      dpeg_arrival_court, layout_basic,
          shapermc_ecumenical_altar_mp_highgroup,
          chequers_serial_rivers_micro_c, kennysheep_another_room

Skill      XL: |  1 |
---------------+----+-----
Axes           | 3 |  3.2
Fighting       | |  3.0
Armour         | |  1.7
Dodging        | |  1.7

Action                   || total
-------------------------++-------
Melee: Hand axe          ||    11
Dodge: Dodged            ||     5

Table legend: (Time is in decaauts)
 A = Elapsed time spent in this place.
 B = Non-inter-level travel time spent in this place.
 C = Inter-level travel time spent in this place.
 D = Time resting spent in this place.
 E = Time spent auto-exploring this place.
 F = Levels seen in this place.
 G = Mean time per level.
                   A        B        C        D        E       F      G
               +--------+--------+--------+--------+--------+-----+--------+
         Total |    273 |    273 |      0 |      0 |    237 |   1 |  273.0 |
       Dungeon |    273 |    273 |      0 |      0 |    237 |   1 |  273.0 |
               +--------+--------+--------+--------+--------+-----+--------+

Top non-repeatable levels by time:
     D:1: 273 daAuts
